 Dungeon Crawl Stone Soup version 0.24.0-2-g5b39cebb1c (webtiles) character file.

Game seed: 14790727160728516312, levelgen mode: deterministic

1612 Arixos the Magician (level 8, -5/48 HPs)
             Began as a Deep Elf Assassin on Oct 31, 2019.
             Was a Believer of Vehumet.
             Shot with an arrow by a centaur (8 damage)
             ... on level 7 of the Dungeon.
             The game lasted 00:36:17 (7481 turns).

Arixos the Magician (Deep Elf Assassin)             Turns: 7481, Time: 00:36:18

Health: -5/48      AC:  5    Str: 10    XL:     8   Next: 63%
Magic:  0/19       EV: 14    Int: 22    God:    Vehumet [**....]
Gold:   22         SH:  4    Dex: 16    Spells: 18/19 levels left

rFire    + . .     SeeInvis .   a - +2 dagger
rCold    . . .     Gourm    .   G - +0 buckler (curse)
rNeg     . . .     Faith    +   A - +1 leather armour {MR+}
rPois    .         Spirit   +   u - +0 helmet
rElec    +         Reflect  .   D - scarf {Spirit}
rCorr    .         Harm     .   (no gloves)
MR       +....                  (no boots)
Stlth    +++.......             C - amulet of faith
HPRegen  0.16/turn              F - ring "Cyddos" {*Contam rElec rF+ Str+2}
MPRegen  0.16/turn              p - +3 ring of intelligence

@: about to teleport, hasted, very quick
A: no striking features
a: Renounce Religion


You were on level 7 of the Dungeon.
You worshipped Vehumet.
Vehumet was pleased with you.
You were not hungry.

You visited 2 branches of the dungeon, and saw 8 of its levels.

You collected 435 gold pieces.
You spent 413 gold pieces at shops.

Inventory:

Hand Weapons
 a - a +2 dagger (weapon)
Missiles
 e - 2 curare-tipped darts
 s - 34 poisoned darts (quivered)
 v - 8 atropa-tipped darts
Armour
 c - a +0 cloak
 u - a +0 helmet (worn)
 w - a +0 shield
 A - a +1 leather armour of magic resistance (worn)
 D - a scarf of spirit shield (worn)
 G - a cursed +0 buckler (worn)
Jewellery
 p - a +3 ring of intelligence (right hand)
 C - an amulet of faith (around neck)
 F - the ring "Cyddos" (left hand) {*Contam rElec rF+ Str+2}
   (You bought it in a shop on level 6 of the Dungeon)

   [ring of protection from fire]

   It affects your strength (+2).
   It protects you from fire.
   It insulates you from electricity.
   It causes magical contamination when unequipped.
Wands
 E - a wand of flame (32)
Scrolls
 b - a scroll of magic mapping
 h - 2 scrolls of noise {unknown}
 i - 2 scrolls of amnesia {unknown}
 k - 2 scrolls of teleportation
 l - 5 scrolls of remove curse
 n - a scroll of blinking {unknown}
 o - 3 scrolls of identify
 r - 2 scrolls of fog {unknown}
 x - a scroll of fear {unknown}
 y - a scroll of enchant weapon {unknown}
Potions
 d - 5 potions of curing
 g - a potion of degeneration {unknown}
 j - a potion of berserk rage {unknown}
 q - a potion of lignification {unknown}
 t - a potion of might {unknown}
 z - a potion of ambrosia {unknown}
 B - a potion of flight {unknown}
 H - a potion of haste
Comestibles
 f - 11 rations
 m - 3 chunks of flesh


   Skills:
 + Level 4.3 Fighting
 - Level 2.0 Short Blades
 - Level 2.0 Throwing
 + Level 3.0 Armour
 + Level 5.8 Dodging
 - Level 4.8 Stealth
 * Level 1.0 Shields
 + Level 6.1 Spellcasting
 * Level 4.1 Conjurations
 * Level 3.9 Fire Magic


You had 18 spell levels left.
You knew the following spells:

 Your Spells              Type           Power        Failure   Level  Hunger
a - Flame Tongue          Conj/Fire      ###..        3%          1    None
Your spell library was empty.

Dungeon Overview and Level Annotations

Branches:
Dungeon (7/15)             Temple (1/1) D:5

Altars:
Ashenzari
Cheibriados
Dithmenos
Elyvilon
Fedhas
Hepliaklqana
Kikubaaqudgha
Makhleb
Nemelex Xobeh
Okawaru
Qazlal
Ru
Sif Muna
Trog
Uskayaw
Vehumet
Xom
Zin
The Shining One

Shops:
D:6 }}=

Annotations:
D:4 1 runed translucent door, Grinder; Menkaure; Nivan's ghost, amateur DrCj


Message History

The ogre hits you with a +0 giant club!!
* * * LOW HITPOINT WARNING * * *
An orc wizard comes into view. It is wielding a +0 dagger.
As you read the scroll of teleportation, it crumbles to dust.
You feel strangely unstable. The ogre hits you but does no damage.
Your surroundings suddenly seem different.
A centaur comes into view.
The centaur shouts!
An iguana comes into view.
Found a chain mail and a ration.
Okay, then.
It was a potion of haste.
You feel yourself speed up.
The centaur wields a +0 shortbow.
The centaur shoots an arrow.
You block the arrow.
You hear a shout!
The iguana hisses angrily.
As you read the scroll of teleportation, it crumbles to dust.
You feel strangely unstable.
The centaur shoots an arrow.
The arrow hits you.
* * * LOW HITPOINT WARNING * * *
The centaur shoots an arrow.
The arrow hits you!
You die...

,,,,,,,,*******#........#*+**,,,*
,,,,,,,,*****###........#*,**,,,*
,,,,,,,,+,,,,,..........#*,**,,,*
,,,,,,,,******#.........#*,******
,,,,,,,,*** #.........+,,*
,,,,,,,,,,* #.%..c....#*,*
,,,,,,,,*,* #[........#***
,,,,,,,,*.#####...(.....#
,,,,,,,,*.......@.l.....#
,,,,,,,,*#######........#
,,,,,,,,* #........# *********
##########


You could see a centaur and an iguana.

Vanquished Creatures
  A hungry ghost (D:6)
  Edmund (D:4)
  2 ogres (D:6)
  A phantom (D:6)
  A centaur (D:5)
  A big kobold (D:5)
  Blork the orc (D:4)
  A bullfrog (D:6)
  A gnoll sergeant (D:6)
  2 howler monkeys (D:4)
  A crimson imp (D:6)
  A jelly (D:6)
  2 orc priests
  3 hounds
  2 bullfrog skeletons
  3 orc wizards
  A worker ant (D:5)
  A hound skeleton (D:5)
  A howler monkey zombie (D:5)
  2 adders
  8 gnolls
  5 oozes
  An adder skeleton (D:4)
  5 dart slugs
  2 leopard geckos
  12 orcs
  2 bats
  6 giant cockroaches
  7 goblins
  2 hobgoblins (D:1)
  35 jackals
  3 quokkas
  A ball python (D:4)
  8 frilled lizards
  38 kobolds
  2 quokka skeletons
  14 rats
180 creatures vanquished.

Notes
Turn   | Place    | Note
-------+----------+-------------------------------------------
     0 | D:1      | Arixos the Deep Elf Assassin began the quest for the Orb.
     0 | D:1      | Reached XP level 1. HP: 12/12 MP: 3/3
     1 | D:1      | Found a runed translucent door.
   195 | D:1      | Reached skill level 1 in Spellcasting
   237 | D:1      | Reached XP level 2. HP: 17/17 MP: 5/5
  1029 | D:1      | Reached XP level 3. HP: 21/21 MP: 7/7
  1035 | D:1      | Reached skill level 2 in Spellcasting
  1598 | D:2      | Reached XP level 4. HP: 22/27 MP: 9/9
  2063 | D:3      | Reached skill level 3 in Spellcasting
  2194 | D:3      | Found an ancient bone altar of Kikubaaqudgha.
  2452 | D:3      | Found an iron altar of Okawaru.
  2664 | D:4      | Noticed Edmund
  2702 | D:4      | Killed Edmund
  2702 | D:4      | Reached skill level 1 in Armour
  2702 | D:4      | Reached skill level 4 in Spellcasting
  2702 | D:4      | Reached XP level 5. HP: 22/32 MP: 10/13
  2816 | D:4      | Noticed Blork the orc
  2833 | D:4      | Killed Blork the orc
  2833 | D:4      | Reached XP level 6. HP: 21/37 MP: 14/14
  3002 | D:4      | Found a runed translucent door.
  3005 | D:4      | Noticed Nivan's ghost (amateur DrCj)
  3072 | D:4      | Found a shimmering altar of Xom.
  3075 | D:4      | Found a shimmering altar of Xom.
  3076 | D:4      | Found a shimmering altar of Xom.
  3087 | D:4      | Found a shimmering altar of Xom.
  3087 | D:4      | Found a shimmering altar of Xom.
  3089 | D:4      | Found a shimmering altar of Xom.
  3089 | D:4      | Found a shimmering altar of Xom.
  3089 | D:4      | Found a shimmering altar of Xom.
  3153 | D:4      | Noticed Menkaure
  3221 | D:4      | Noticed Grinder
  3244 | D:5      | Entered Level 5 of the Dungeon
  3423 | D:5      | Found a staircase to the Ecumenical Temple.
  3446 | Temple   | Entered the Ecumenical Temple
  3469 | Temple   | Became a worshipper of Vehumet
  3983 | D:5      | Found a shadowy altar of Dithmenos.
  3986 | D:5      | Found an iron altar of Okawaru.
  4162 | D:5      | Reached XP level 7. HP: 37/41 MP: 16/16
  4242 | D:5      | Reached skill level 5 in Spellcasting
  4269 | D:5      | Reached * piety under Vehumet
  4269 | D:5      | Offered knowledge of Flame Tongue by Vehumet.
  4272 | D:5      | Learned a level 1 spell: Flame Tongue
  4393 | D:5      | Reached skill level 5 in Dodging
  4393 | D:5      | Reached skill level 1 in Conjurations
  4596 | D:5      | Reached skill level 1 in Fire Magic
  6239 | D:6      | Found Sushry's Jewellery Emporium.
  6294 | D:6      | Bought the ring "Cyddos" {*Contam rElec rF+ Str+2} for 413
                  | gold pieces
  6360 | D:6      | Offered knowledge of Freeze by Vehumet.
  6360 | D:6      | Reached XP level 8. HP: 33/48 MP: 9/18
  6641 | D:6      | Reached ** piety under Vehumet
  6769 | D:6      | Found Uwuqif's Gadget Shop.
  6795 | D:6      | Found a shattered altar of Ashenzari.
  7180 | D:6      | Found Pish's Gadget Boutique.
  7388 | D:6      | Reached skill level 6 in Spellcasting
  7391 | D:6      | Reached skill level 1 in Shields
  7481 | D:7      | Shot with an arrow by a centaur

Levels and vault maps discovered:
D:1:      dpeg_arrival_caged_fury, layout_loops_ring, minmay_fountain_box,
          corexii_leaking_fountain, minmay_misc_feat_cross
D:2:      layout_basic, nicolae_overflow_hidden_temple,
          minmay_randomly_rotated_circles
D:3:      layout_basic, kiku_gazebo_garden_becter, okawaru_gym_becter
D:4:      layout_loops_ring, xom_redecorated, marbit_many_paths,
          hellmonk_ghost_happy_afterlife, first_ration, uniq_edmund,
          uniq_blork_the_orc, uniq_grinder, uniq_ijyb, uniq_menkaure
D:5:      minmay_goblin_kobold_castle, layout_rooms, grunt_temple_overflow_open,
          minmay_temple_entry_sparse_star
D:6:      layout_gridville, ashenzari_conservatory_becter, serial_shops, shop,
          shop, shop
D:7:      layout_basic, nicolae_ossuary_entry_ruins
Temple:   zaba_magenta_temple

Skill      XL: |  1  2  3  4  5  6  7  8 |
---------------+-------------------------+-----
Spellcasting   | 1 2 4 5 6 |  6.1
Dodging        | 2 4 5 |  5.8
Fighting       | 2 3 4 |  4.3
Armour         | 1 2 3 |  3.0
Conjurations   | 2 4 |  4.1
Fire Magic     | 2 3 |  3.9
Shields        | 1 |  1.0
Short Blades   | |  2.0
Throwing       | |  2.0
Stealth        | |  4.8

Action                   |  1- 3 |  4- 6 |  7- 9 || total
-------------------------+-------+-------+-------++-------
Melee: Dagger            |    85 |   236 |   105 ||   426
Throw: Dart              |    43 |    54 |    45 ||   142
 Cast: Flame Tongue      |       |       |   228 ||   228
  Use: Scroll            |       |     1 |     5 ||     6
       Potion            |       |       |     2 ||     2
 Stab: Sleeping          |     2 |     3 |     2 ||     7
  Eat: Chunk             |     2 |     8 |    12 ||    22
Armor: Robe              |     3 |       |       ||     3
       Leather armour    |    14 |    48 |    63 ||   125
Dodge: Dodged            |    37 |   166 |   184 ||   387
Block: Buckler           |       |       |    18 ||    18
